Map: Buried Caverns

Players

Willow

  • Race: Protoss Protoss
  • League: Diamond
  • Spawn Location: 3:00

DoomFusion

  • Race: Terran Terran
  • League: Gold
  • Spawn Location: 3:00

Dessel

  • Race: Terran Terran
  • League: Grandmaster
  • Spawn Location: 5:00

Cthulhu

  • Race: Terran Terran
  • Spawn Location: 9:00

Faust

  • Race: Zerg Zerg
  • League: Diamond
  • Spawn Location: 9:00

Throwfordays

  • Race: Protoss Protoss
  • League: Silver
  • Spawn Location: 7:00

VOD

Have the link to the VOD?

Description

Time

  • Played on: April 2, 2019, 11:59 p.m.
  • Length: 7:00
Show
View Real Time Build Order
Export as new Build Order

Willow Protoss 

Build Orders: Blink Stalkers 

Get SALT Encoding   

  12  0:01  Probe  
  13  0:13  Probe  
  14  0:18  Pylon  
  14  0:25  Probe  
  15  0:37  Probe  
  15  0:39  Gateway  
  16  0:44  Assimilator  
  16  0:49  Probe  
  17  0:55  Assimilator  
  17  1:01  Probe  
  18  1:13  Probe  
  20  1:25  Probe  
  20  1:26  Cybernetics Core  
  20  1:29  Pylon  
  20  1:37  Probe  
  21  1:49  Probe  
  21  1:53  Stalker, Warp Gate  
  22  2:05  Twilight Council  
  24  2:10  Gateway  
  24  2:14  Probe  
  25  2:22  Blink  
  25  2:24  Gateway  
  25  2:48  Gateway  
  25  2:51  Pylon  
  25  3:03  Stalker  
  27  3:08  Stalker  
  29  3:17  Stalker  
  31  3:27  Pylon  
  31  3:42  Stalker  
  31  3:43  Stalker  
  35  3:49  Stalker  
  37  3:59  Gateway  
  36  4:17  Stalker  
  38  4:43  Pylon  
  38  4:56  Pylon  
  38  5:04  Stalker x3  
  38  5:05  Stalker  
  46  5:28  Stalker x3  
  52  5:49  Stalker  
  54  6:08  Pylon  
  50  6:22  Stalker x2  
  48  6:47  Stalker x3  
  48  6:48  Stalker x2  
Show
View Real Time Build Order
Export as new Build Order

DoomFusion Terran 

Build Orders:  

Get SALT Encoding   

  12  0:02  SCV  
  13  0:25  Supply Depot  
  13  0:28  SCV  
  14  0:48  Barracks  
  14  0:52  Barracks  
  14  0:59  Barracks  
  14  1:05  SCV  
  15  1:17  SCV  
  16  1:29  SCV  
  17  1:35  Marine  
  17  1:36  Barracks  
  18  1:44  Marine  
  18  1:47  Marine  
  19  1:53  Marine  
  21  1:57  Orbital Command  
  21  2:02  Marine  
  21  2:04  Marine  
  23  2:14  Supply Depot  
  23  2:36  Marine x4  
  27  2:54  Marine x3  
  30  3:01  Marine  
  30  3:04  Supply Depot  
  31  3:22  Barracks  
  31  3:25  Marine x4  
  35  3:27  Barracks  
  35  3:33  Barracks  
  35  3:36  SCV  
  36  3:43  Marine x2  
  38  3:52  SCV  
  39  4:12  Marine  
  39  4:13  Supply Depot  
  39  4:27  Marine x2  
  39  4:28  Marine  
  39  4:30  Marine  
  37  4:36  Marine x3  
  33  4:45  Marine x2  
  35  4:46  Marine  
  35  4:47  Marine  
  37  4:58  Marine x3  
  40  5:03  Marine x2  
  40  5:04  Marine  
  40  5:05  Marine  
  44  5:16  Marine x3  
  47  5:29  Marine  
  47  5:31  Marine  
  47  6:07  Marine x7  
  54  6:14  Supply Depot  
  54  6:25  Marine x5  
  50  6:26  Marine  
  50  6:27  Marine  
  51  6:38  SCV  
Show
View Real Time Build Order
Export as new Build Order

Dessel Terran 

Build Orders: 1/1/1, Liberator Opening 

Get SALT Encoding   

  12  0:01  SCV  
  13  0:13  SCV  
  14  0:18  Supply Depot  
  14  0:25  SCV  
  15  0:31  Refinery  
  15  0:40  SCV  
  16  0:46  Barracks  
  16  0:52  SCV  
  17  1:04  SCV  
  18  1:09  Refinery  
  18  1:16  SCV  
  19  1:33  Orbital Command  
  19  1:35  Factory  
  19  1:37  Marine  
  20  1:56  Barracks Reactor, Supply Depot  
  20  2:05  SCV  
  21  2:17  SCV  
  21  2:20  Factory Tech Lab  
  21  2:22  Starport  
  22  2:29  SCV  
  23  2:34  Marine x2  
  25  2:41  Siege Tank  
  28  2:48  Supply Depot  
  28  2:59  Liberator  
  31  3:09  Marine x2  
  33  3:18  Supply Depot  
  33  3:20  Siege Tank  
  36  3:29  Marine x2  
  38  3:45  Supply Depot  
  38  3:48  Marine  
  38  3:49  Marine  
  38  3:52  Siege Tank  
  43  4:08  Marine x2  
  43  4:09  Liberator  
  48  4:28  Marine x2  
  50  4:41  Siege Tank  
  53  4:46  Marine x2, Supply Depot  
  55  5:13  Marine x2  
  60  5:14  Siege Tank  
  60  5:19  Supply Depot  
  60  5:23  Liberator  
  63  5:39  Marine x2  
  59  5:48  Siege Tank  
  62  5:57  Marine x2  
  58  6:15  Marine x2  
  52  6:33  Marine x2  
Show
View Real Time Build Order
Export as new Build Order

Cthulhu Terran 

Build Orders: 2 Factory 

Get SALT Encoding   

  12  0:01  SCV  
  13  0:13  SCV  
  14  0:20  Supply Depot  
  14  0:25  SCV  
  15  0:41  SCV  
  16  0:43  Barracks  
  16  0:55  Refinery  
  16  0:56  SCV  
  17  1:08  SCV  
  18  1:20  SCV  
  19  1:31  Refinery, Supply Depot  
  19  1:32  Marine  
  20  1:33  Orbital Command  
  20  2:00  Marine  
  21  2:05  SCV, Bunker  
  22  2:09  Factory  
  21  2:21  SCV  
  21  2:22  Marine  
  23  2:35  SCV  
  24  2:41  Marine  
  24  2:43  Factory  
  27  2:58  Widow Mine, Engineering Bay  
  27  3:00  Marine, SCV  
  29  3:10  Bunker  
  29  3:18  Marine, SCV  
  31  3:25  Terran Infantry Weapons Level 1  
  31  3:38  SCV, Widow Mine x2  
  36  3:42  Sensor Tower  
  36  4:14  SCV  
  36  4:15  Marine  
  38  4:17  Hellion  
  38  4:23  Supply Depot  
  38  4:25  Starport  
  38  4:26  SCV  
  39  4:35  Hellion  
  39  4:45  Marine  
  38  4:54  SCV  
  30  5:02  Hellion x2  
  30  5:05  Liberator  
  30  5:06  SCV  
  2  6:33  Orbital Command  
Show
View Real Time Build Order
Export as new Build Order

Faust Zerg 

Build Orders: Hatch First 

Get SALT Encoding   

  12  0:02  Drone  
  13  0:11  Drone  
  14  0:14  Extractor  
  14  0:16  Drone  
  15  0:24  Overlord  
  15  0:43  Drone x2  
  17  0:58  Hatchery  
  17  1:01  Drone  
  17  1:07  Extractor, Drone  
  17  1:20  Spawning Pool  
  17  1:23  Drone  
  17  1:28  Drone  
  18  1:34  Drone  
  19  1:41  Overlord  
  19  2:08  Metabolic Boost  
  19  2:09  Queen x2  
  19  2:13  Drone x2  
  25  2:19  Drone  
  26  2:23  Drone  
  26  2:29  Drone  
  28  2:34  Baneling Nest  
  28  2:35  Drone  
  28  2:42  Drone x2  
  30  2:50  Overlord  
  30  2:52  Zergling x2  
  30  2:54  Zergling x2  
  32  3:08  Drone  
  32  3:09  Zergling x2  
  32  3:10  Zergling x2  
  35  3:15  Zergling x2  
  35  3:18  Lair  
  36  3:21  Extractor, Drone  
  36  3:22  Drone x3  
  36  3:23  Drone  
  36  3:26  Drone  
  41  3:30  Overlord  
  41  3:44  Drone x2  
  41  3:45  Drone  
  43  4:15  Zergling x14  
  43  4:16  Zergling x2  
  50  4:20  Centrifical Hooks  
  50  4:26  Evolution Chamber  
  50  4:27  Drone x2  
  50  4:28  Hydralisk Den  
  50  4:29  Extractor  
  49  4:32  Extractor, Baneling  
  49  4:33  Baneling x3  
  49  4:37  Zergling x2  
  49  4:38  Zergling x2  
  37  5:07  Zergling x2  
  37  5:08  Zergling x14  
  37  5:13  Zergling x2  
  46  5:21  Zergling x2  
  44  5:36  Baneling  
  44  5:37  Baneling  
  44  5:38  Zergling x4  
  44  5:39  Zergling x10  
  47  5:53  Baneling x2  
  23  6:05  Zergling x18  
  29  6:32  Zergling x2  
  23  6:33  Zergling x12  
  23  6:35  Zergling x2  
  32  6:45  Spine Crawler  
  32  6:47  Spore Crawler  
Show
View Real Time Build Order
Export as new Build Order

Throwfordays Protoss 

Build Orders: Nexus First 

Get SALT Encoding   

  12  0:00  Probe  
  13  0:13  Probe  
  14  0:24  Pylon  
  14  0:26  Probe  
  15  0:42  Probe  
  16  0:58  Nexus  
  16  1:02  Probe  
  17  1:10  Pylon  
  17  1:20  Gateway  
  17  1:27  Assimilator  
  17  1:48  Forge  
  17  1:55  Probe  
  18  2:04  Probe  
  19  2:08  Cybernetics Core  
  19  2:11  Assimilator  
  19  2:12  Probe  
  19  2:14  Probe  
  19  2:22  Probe  
  22  2:32  Probe  
  23  2:39  Photon Cannon, Probe  
  24  2:44  Probe  
  25  2:51  Probe  
  25  2:53  Photon Cannon  
  25  2:56  Probe  
  27  3:03  Probe  
  27  3:04  Probe  
  28  3:12  Probe  
  29  3:13  Photon Cannon  
  30  3:20  Photon Cannon  
  30  3:23  Probe  
  30  3:26  Photon Cannon  
  31  3:34  Robotics Facility  
  31  3:35  Probe  
  31  3:38  Protoss Ground Weapons Level 1  
  32  3:42  Probe  
  32  3:44  Warp Gate, Probe  
  34  3:50  Probe  
  34  3:52  Probe  
  35  3:58  Probe  
  35  4:01  Probe  
  38  4:10  Pylon, Probe  
  38  4:13  Probe  
  40  4:17  Pylon  
  40  4:20  Pylon  
  40  4:23  Assimilator  
  40  4:27  Assimilator  
  40  4:42  Immortal  
  40  4:43  Stalker  
  46  4:50  Photon Cannon  
  46  4:53  Robotics Bay  
  46  4:58  Photon Cannon  
  46  5:00  Probe  
  46  5:03  Photon Cannon  
  46  5:04  Probe  
  48  5:09  Robotics Facility  
  48  5:11  Robotics Facility  
  48  5:12  Probe  
  49  5:15  Stalker  
  49  5:16  Probe  
  52  5:24  Probe  
  52  5:27  Immortal  
  57  6:01  Immortal  
  57  6:02  Immortal  
  57  6:04  Stalker  
  54  6:37  Stalker  
Tags
 
Add a new tag
Caveats
  • Supply blocks, unpowered buildings, or Contaminate may cause inaccurate times.
  • Supply counts are checked every 10 seconds.